Map: Dusk Towers

Players

DijiDiji - Winner!

  • Race: Terran Terran
  • League: Master

ForKerrigan

  • Race: Protoss Protoss
  • League: Master

VOD

Have the link to the VOD?

Description

Time

  • Played on: Jan. 29, 2016, 3:21 a.m.
  • Length: 12:47
Show
View Real Time Build Order
Export as new Build Order

DijiDiji Terran - Winner!

Build Orders: MMM Bio 

Get SALT Encoding   

  12  0:00  SCV  
  13  0:13  SCV  
  14  0:18  Supply Depot  
  14  0:25  SCV  
  15  0:40  SCV  
  15  0:42  Barracks  
  16  0:47  Refinery  
  16  0:52  SCV  
  17  1:04  SCV  
  18  1:22  SCV  
  19  1:35  Orbital Command  
  19  1:41  Barracks Reactor  
  19  1:46  Command Center  
  19  2:01  SCV  
  20  2:06  Barracks  
  20  2:13  Supply Depot  
  20  2:17  SCV  
  20  2:18  Marine  
  20  2:19  Marine  
  23  2:35  SCV, Refinery  
  24  2:42  Marine x2  
  26  2:52  SCV  
  26  2:55  Barracks Tech Lab  
  26  2:56  Factory  
  28  2:58  Orbital Command  
  28  3:00  Marine  
  28  3:04  SCV  
  28  3:05  Marine  
  30  3:15  Stimpack  
  30  3:16  SCV  
  30  3:18  Marine  
  32  3:25  SCV  
  33  3:29  Marauder  
  33  3:31  SCV  
  36  3:40  Supply Depot  
  36  3:41  Starport  
  36  3:43  Factory Reactor  
  36  3:46  Marine  
  37  3:50  SCV x2  
  39  3:55  Marine  
  39  4:02  SCV, Engineering Bay, Marine  
  42  4:07  SCV  
  42  4:08  Supply Depot  
  43  4:14  Marine x2  
  45  4:20  Marine  
  45  4:23  SCV  
  47  4:30  Medivac x2  
  47  4:31  Supply Depot  
  51  4:33  Marine x2  
  51  4:34  Terran Infantry Armor Level 1  
  51  4:36  SCV  
  51  4:37  SCV  
  55  4:41  Factory Reactor  
  55  4:42  Supply Depot, Marine  
  56  4:51  SCV  
  56  4:52  SCV  
  58  4:53  Marine x2  
  60  5:04  SCV x2  
  62  5:15  Combat Shields  
  62  5:19  Marauder, Widow Mine x2, Marine x2  
  70  5:27  Viking  
  72  5:29  Refinery  
  72  5:37  SCV x2  
  72  5:38  Barracks, Marine x2  
  72  5:40  Refinery, Barracks  
  72  5:41  Marauder  
  78  5:53  Supply Depot  
  78  5:55  Supply Depot  
  78  5:56  Supply Depot  
  78  6:00  SCV  
  78  6:01  SCV  
  75  6:10  Marine  
  75  6:11  Widow Mine, Marine x2  
  76  6:15  SCV x2  
  80  6:23  Medivac  
  82  6:36  Marauder, Marine x2  
  82  6:37  Marine x2  
  82  6:38  SCV  
  89  6:44  Armory  
  89  6:54  Marine x2  
  87  6:55  Marine x2  
  87  6:58  Marauder  
  90  7:01  SCV  
  90  7:02  SCV  
  88  7:13  SCV  
  88  7:14  SCV  
  87  7:16  Marine x4  
  87  7:19  Marauder  
  84  7:34  Marine  
  82  7:40  SCV x2, Marauder  
  84  7:58  Widow Mine, Marine x4  
  82  8:02  Marauder  
  85  8:07  SCV x2  
  85  8:16  Marine  
  86  8:22  Marine x3  
  86  8:23  Marine  
  90  8:27  Terran Infantry Armor Level 2  
  90  8:34  Marine  
  86  8:40  Medivac x2  
  86  8:41  SCV x2, Marauder  
  95  8:51  Marine x2  
  96  8:56  Liberator  
  96  8:57  Terran Ship Weapons Level 1, Liberator  
  96  9:00  Barracks Reactor  
  96  9:01  Engineering Bay  
  93  9:05  SCV  
  93  9:06  SCV  
  101  9:17  SCV  
  101  9:23  Supply Depot  
  102  9:31  Command Center  
  102  9:39  Liberator  
  102  9:44  SCV x2, Marine x3, Widow Mine x2  
  102  9:45  Marine, Marauder  
  110  9:49  Marine  
  92  9:56  SCV x2  
  90  10:02  Marine x3  
  90  10:03  Marine  
  90  10:06  Marine  
  92  10:07  Marine  
  92  10:08  SCV  
  93  10:20  Marine x4  
  97  10:23  Marine  
  97  10:25  Marine  
  95  10:38  Marine x4  
  95  10:40  Widow Mine  
  95  10:41  Medivac, Widow Mine  
  102  10:43  Marine  
  102  10:56  SCV  
  102  10:58  Marine  
  102  10:59  Marine  
  102  11:14  Barracks Reactor  
  102  11:15  Supply Depot x4  
  102  11:23  Factory Reactor  
  102  11:27  Barracks Reactor  
  102  11:35  Liberator  
  102  11:36  SCV, Marine x4  
  105  11:51  Marine x2  
  105  11:53  SCV x2  
  112  11:54  Marine x4  
  116  12:05  Marine x2  
  117  12:09  Marine x2  
  117  12:12  Marine x2  
  121  12:18  Marine x2  
  125  12:23  Marine  
Show
View Real Time Build Order
Export as new Build Order

ForKerrigan Protoss 

Build Orders:  

Get SALT Encoding   

  12  0:01  Probe (Chrono Boost)  
  13  0:11  Probe (Chrono Boost)  
  14  0:19  Pylon  
  14  0:22  Probe (Chrono Boost)  
  15  0:37  Probe (Chrono Boost)  
  16  0:47  Probe (Chrono Boost)  
  17  1:06  Nexus  
  17  1:15  Gateway  
  17  1:23  Probe (Chrono Boost)  
  17  1:24  Assimilator  
  17  1:34  Probe (Chrono Boost)  
  18  1:44  Probe (Chrono Boost)  
  18  1:45  Pylon  
  19  1:51  Assimilator  
  19  1:55  Probe (Chrono Boost)  
  20  2:02  Cybernetics Core  
  20  2:06  Probe (Chrono Boost)  
  21  2:16  Probe (Chrono Boost)  
  22  2:25  Probe (Chrono Boost), Pylon  
  22  2:27  Probe (Chrono Boost)  
  24  2:36  Probe (Chrono Boost)  
  25  2:39  Mothership Core (Chrono Boost)  
  25  2:40  Warp Gate  
  25  2:41  Adept  
  29  2:46  Probe (Chrono Boost)  
  30  2:54  Gateway  
  30  2:57  Probe (Chrono Boost)  
  31  3:01  Probe (Chrono Boost)  
  32  3:07  Twilight Council, Probe (Chrono Boost)  
  32  3:12  Probe (Chrono Boost)  
  34  3:15  Pylon  
  34  3:20  Stalker  
  34  3:25  Probe (Chrono Boost)  
  37  3:28  Probe (Chrono Boost)  
  38  3:35  Probe (Chrono Boost)  
  38  3:38  Probe (Chrono Boost), Resonating Glaives (Chrono Boost)  
  40  3:46  Probe  
  41  3:51  Robotics Facility  
  41  3:54  Probe  
  41  3:55  Gateway  
  41  4:02  Probe  
  43  4:05  Probe, Pylon  
  44  4:14  Probe  
  44  4:15  Probe  
  46  4:17  Pylon  
  46  4:26  Probe x2  
  48  4:37  Gateway, Warp Prism (Chrono Boost)  
  48  4:38  Gateway  
  50  4:39  Probe  
  50  4:40  Gateway  
  50  4:43  Probe  
  52  4:51  Probe  
  52  4:52  Adept x2  
  55  4:54  Pylon  
  55  4:55  Adept  
  59  5:03  Assimilator  
  59  5:06  Templar Archives  
  59  5:07  Assimilator  
  59  5:10  Observer (Chrono Boost)  
  60  5:18  Stalker  
  62  5:35  Nexus, Pylon  
  62  5:36  Pylon  
  62  5:37  Probe (Chrono Boost)  
  62  5:39  Probe (Chrono Boost)  
  64  5:46  Immortal  
  64  5:49  Adept x4  
  72  5:55  Probe (Chrono Boost)  
  72  5:56  Probe (Chrono Boost)  
  70  6:15  Adept x5  
  80  6:21  Immortal  
  80  6:28  Probe (Chrono Boost)  
  80  6:30  Probe (Chrono Boost)  
  86  6:33  Psionic Storm  
  86  6:35  Pylon  
  86  6:37  Pylon  
  86  6:39  Probe (Chrono Boost)  
  87  6:43  Adept  
  87  6:44  Adept x2  
  93  6:50  Adept  
  93  6:51  Adept  
  95  7:10  Adept x4  
  94  7:17  Probe (Chrono Boost)  
  93  7:25  Probe (Chrono Boost)  
  93  7:27  Probe (Chrono Boost)  
  93  7:29  Probe (Chrono Boost)  
  91  7:39  Probe (Chrono Boost)  
  91  7:40  Probe (Chrono Boost)  
  91  7:43  Probe (Chrono Boost)  
  93  7:44  Cybernetics Core  
  93  7:51  Probe x2 (Chrono Boost)  
  88  7:53  Probe (Chrono Boost)  
  88  7:56  Warp Prism  
  89  8:01  Probe (Chrono Boost)  
  89  8:03  Probe (Chrono Boost)  
  89  8:06  Probe (Chrono Boost)  
  82  8:29  Probe (Chrono Boost)  
  82  8:30  Adept x6  
  95  8:34  Probe (Chrono Boost)  
  95  8:36  Probe (Chrono Boost)  
  95  8:40  Probe (Chrono Boost)  
  96  8:45  Probe (Chrono Boost)  
  96  8:48  Probe (Chrono Boost)  
  98  8:50  Probe (Chrono Boost)  
  98  8:55  Probe (Chrono Boost)  
  100  9:00  Probe (Chrono Boost), Pylon  
  100  9:01  Probe (Chrono Boost)  
  101  9:06  Probe (Chrono Boost)  
  101  9:07  Assimilator  
  101  9:08  Adept x4  
  101  9:09  Adept x2  
  114  9:17  Mothership Core (Chrono Boost)  
  116  9:35  Pylon  
  116  9:36  Adept x4  
  116  9:37  Pylon  
  124  9:39  Pylon  
  124  9:42  Pylon  
  118  9:47  Adept x2  
  100  9:57  Adept x4  
  102  10:02  Warp Prism  
  102  10:06  Probe (Chrono Boost)  
  100  10:08  Probe (Chrono Boost)  
  102  10:17  Probe x2 (Chrono Boost)  
  104  10:32  Probe (Chrono Boost), Adept x2  
  104  10:33  Adept x4  
  104  10:35  Probe (Chrono Boost), Assimilator  
  106  10:36  Probe (Chrono Boost), Assimilator  
  101  10:45  Probe (Chrono Boost)  
  99  10:50  Probe (Chrono Boost)  
  99  10:51  Gateway  
  99  10:52  Probe (Chrono Boost)  
  99  10:53  Gateway  
  98  10:57  Gateway  
  98  10:59  Immortal  
  98  11:02  Probe (Chrono Boost)  
  93  11:04  Forge, High Templar x2  
  93  11:05  High Templar x3  
  93  11:06  Forge, High Templar  
  105  11:11  Archon  
  105  11:12  Archon x2  
  90  11:51  Adept x3  
  90  11:52  Adept x3  
  90  12:10  Probe  
  90  12:12  Probe  
  92  12:19  Stalker x4  
  93  12:33  Adept  
  93  12:34  Adept x2  
Tags
 
Composition
MMM Bio
Matchup
PvT
Add a new tag
Caveats
  • Supply blocks, unpowered buildings, or Contaminate may cause inaccurate times.
  • Supply counts are checked every 10 seconds.